 Dungeon Crawl Stone Soup version 0.31-a0-859-g9dce7d3444 (webtiles) character file.

Game seed: 14229460725610016784

1 Kurtz the Sneak (level 1, -4/21 HPs)
             Began as a Naga Delver on Oct 9, 2023.
             Slain by a gnoll
             ... wielding a +0 whip
              (6 damage)
             ... on level 4 of the Dungeon.
             The game lasted 00:00:43 (198 turns).

Kurtz the Sneak (Naga Delver)                        Turns: 198, Time: 00:00:44

Health: -4/21      AC:  1    Str: 14    XL:     1   Next: 20%
Magic:  1/1        EV:  9    Int: 10    God:
Gold:   0          SH:  0    Dex: 12    Spells: 0/0 levels left

rFire   . . .        h - +0 lajatang
rCold   . . .        (shield currently unavailable)
rNeg    . . .        b - +0 leather armour
rPois   +            (no helmet)
rElec   .            (no cloak)
rCorr   .            (no gloves)
SInv    +            (no barding)
Will    .....        (no amulet)
Stlth   +++          (no ring)
HPRegen 0.23/turn    (no ring)
MPRegen 0.07/turn

%: no passive effects
@: very slow
A: AC +0, large, see invisible, deformed body, poison resistance, slowness 2,
spit poison 1, naga tail 1
a: Spit Poison


You were on level 4 of the Dungeon.
You visited 1 branch of the dungeon, and saw 2 of its levels.

Inventory:

Hand Weapons
 a - a +0 hand axe
 h - a +0 lajatang (weapon)
Armour
 b - a +0 leather armour (worn)
Wands
 g - a wand of digging (3)
Scrolls
 c - a scroll of fog
 d - a scroll of revelation
Potions
 f - a potion of haste


   Skills:
 - Level 3.0 Fighting
 * Level 2.1 Axes
 - Level 1.5 Dodging
 - Level 7.2 Stealth


You couldn't memorise any spells.
You didn't know any spells.
Your spell library was empty.

Dungeon Overview and Level Annotations

Branches:
Dungeon (5/15)
 Temple: D:4-7

Altars:

Annotations:
D:4 exclusion: sky beast


Innate Abilities, Weirdness & Mutations

Your serpentine skin is tough. (AC +0)
You have supernaturally acute eyesight. (SInv)
Armour fits poorly on your strangely shaped body.
Your system is resistant to poisons. (rPois)
You cover ground very slowly.
You can spit poison.
You have a snake-like lower body.


Message History

The goblin attacks as it pursues you! The goblin hits you with a +0 dagger.
The goblin barely misses you. The goblin attacks as it pursues you!
The goblin hits you with a +0 dagger.
You hit the goblin.
The goblin is severely wounded.
The goblin hits you with a +0 dagger.
You hit the goblin but do no damage.
The goblin is severely wounded.
The goblin closely misses you. The goblin hits you with a +0 dagger.
You hit the goblin.
You kill the goblin!
You see here a +0 dagger.
You start resting.
HP restored.
h - a +0 lajatang (weapon)
You see here a +0 dagger.
An ogre comes into view. It is wielding a +0 giant club.
You see here a +0 dagger. 3 gnolls come into view.
Found 11 gold pieces.
The gnoll shouts! x3; You hear an angry hiss.
A gnoll comes into view. It is wielding a +0 halberd.
The gnoll shouts!
You hear an angry hiss.
The gnoll hits you from afar with a +0 halberd!
A ball python comes into view.
The gnoll barely misses you. The gnoll hits you with a +0 whip.
The gnoll hits you from afar with a +0 halberd.
* * * LOW HITPOINT WARNING * * *
The gnoll closely misses you. The gnoll attacks as it pursues you!
The gnoll barely misses you. The gnoll barely misses you.
As you read the scroll of fear, it crumbles to dust.
You assume a fearsome visage.
The gnoll looks frightened! x4
Cornered, the gnoll turns to fight!
The gnoll attacks as it pursues you! The gnoll hits you with a +0 whip.
* * * LOW HITPOINT WARNING * * *
The gnoll closely misses you.
You barely miss the gnoll. The gnoll hits you with a +0 whip.
You die...

#.......#S## ##.
#........S.. #..
#..........# #.#
#........# #.#
#........# #.#
#...S..g.# #.#
####S###.#. #.#
#g# #. #@# #.#
#.#. #g# #.# #
#.#Y #S#
####.###.#..
#S####..S.......##
#...S..##.######.#
#########........>
#########. #. ##


You could see a gnoll and 2 ball pythons.

Vanquished Creatures
  A goblin (D:4)
1 creature vanquished.

Notes
Turn   | Place    | Note
-------+----------+-------------------------------------------
     0 | D:5      | Kurtz the Naga Delver began the quest for the Orb.
     0 | D:5      | Reached XP level 1. HP: 21/21 MP: 1/1
    27 | D:4      | Noticed a sky beast
   159 | D:4      | Noticed an ogre
   198 | D:4      | Slain by a gnoll

Illustrated notes

Levels and vault maps discovered:
D:4:      kennysheep_goblin_castle, layout_loops_ring, jmf_multi_god_temple2,
          uniq_menkaure
D:5:      layout_loops_ring, minmay_temple_entry_junction, uniq_ijyb,
          uniq_edmund, uniq_pikel

Action                     || total
---------------------------++-------
  Melee: Hand axe          ||     3
         Lajatang          ||     1
    Use: Scroll            ||     1
 Armour: Leather armour    ||    11
  Dodge: Dodged            ||     8

Table legend: (Time is in decaauts)
 A = Elapsed time spent in this place.
 B = Non-inter-level travel time spent in this place.
 C = Inter-level travel time spent in this place.
 D = Time resting spent in this place.
 E = Time spent auto-exploring this place.
 F = Levels seen in this place.
 G = Mean time per level.
                   A        B        C        D        E       F      G
               +--------+--------+--------+--------+--------+-----+--------+
         Total |    253 |    204 |     49 |     52 |     39 |   2 |  126.5 |
       Dungeon |    253 |    204 |     49 |     52 |     39 |   2 |  126.5 |
               +--------+--------+--------+--------+--------+-----+--------+

Top non-repeatable levels by time:
     D:4: 233 daAuts
     D:5: 19 daAuts
